 Dungeon Crawl Stone Soup version 0.29.1-13-g9f3cf754e1 (webtiles) character file.

Game seed: 13734817737844039307

326 SilverX5502 the Chopper (level 6, 56/56 HPs)
             Began as a Minotaur Fighter on Feb 10, 2023.
             Quit the game on level 4 of the Dungeon.
             The game lasted 00:08:34 (3395 turns).

SilverX5502 the Chopper (Minotaur Fighter)          Turns: 3395, Time: 00:08:35

Health: 56/56      AC: 11    Str: 23    XL:     6   Next: 24%
Magic:  5/5        EV:  7    Int:  5    God:
Gold:   145        SH:  4    Dex:  9    Spells: 5/5 levels left

rFire   . . .      SeeInvis .   a - +0 war axe
rCold   . . .      Faith    .   c - +0 buckler
rNeg    . . .      Spirit   .   q - +0 chain mail
rPois   .          Reflect  .   (helmet restricted)
rElec   .          Harm     .   (no cloak)
rCorr   .          Rampage  .   u - +0 pair of gloves
Will    .....                   (no boots)
Stlth   ..........              (no amulet)
HPRegen 0.18/turn               (no ring)
MPRegen 0.09/turn               (no ring)

@: no status effects
A: horns 2, retaliatory headbutt
a: no special abilities


You were on level 4 of the Dungeon.
You visited 1 branch of the dungeon, and saw 4 of its levels.

You collected 145 gold pieces.

Inventory:

Hand Weapons
 a - a +0 war axe (weapon)
Missiles
 j - 7 boomerangs
 p - 28 stones (quivered)
Armour
 c - a +0 buckler (worn)
 q - a +0 chain mail (worn)
 u - a +0 pair of gloves (worn)
Scrolls
 e - 5 scrolls of identify
 f - a scroll of fog {unknown}
 h - 2 scrolls of teleportation {unknown}
 i - 2 scrolls of enchant armour {unknown}
 k - a scroll of summoning {unknown}
 m - a scroll of brand weapon {unknown}
 n - a scroll of fear {unknown}
 r - a scroll of noise {unknown}
Potions
 b - a potion of attraction {unknown}
 d - a potion of might
 g - 4 potions of invisibility
 l - 2 potions of haste {unknown}
 o - 2 potions of mutation {unknown}
 s - a potion of ambrosia {unknown}
 t - 2 potions of curing {unknown}


   Skills:
 + Level 5.1 Fighting
 * Level 5.2 Axes
 + Level 4.9 Armour
 + Level 5.0 Shields


You had 5 spell levels left.
You didn't know any spells.
Your spell library contained the following spells:

 Spells                   Type           Power      Damage    Failure   Level
 Call Canine Familiar     Summ           0%         N/A       100%        3
 Portal Projectile        Hex/Tloc       0%         N/A       100%        3
 Stone Arrow              Conj/Erth      0%         3d7       100%        3
 Animate Armour           Summ/Erth      0%         N/A       100%        4
 Leda's Liquefaction      Hex/Erth       0%         N/A       100%        4
 Lehudib's Crystal Spear  Conj/Erth      0%         10d2      100%        8


Dungeon Overview and Level Annotations

Branches:
Dungeon (4/15)
 Temple: D:4-7

Altars:


Innate Abilities, Weirdness & Mutations

You have a pair of horns on your head.
You reflexively headbutt those who attack you in melee.


Message History

Your Fighting skill increases to level 5!
Your Axes skill increases to level 5!
Your Shields skill increases to level 5!
You have reached level 6!
Items here: )) [ ††.
Okay, then.
You see here a +0 club.
You hear the brisk hiss of an avalanche of sand nearby.
Found a book of Armaments.
Found 15 gold pieces.
Found a hand axe.
You now have 138 gold pieces (gained 15).
You hear the brisk hiss of a distant avalanche of sand.
You hear the quick hiss of a distant avalanche of sand.
You hear the quick hiss of a distant avalanche of sand.
You hear the rapid hiss of a distant avalanche of sand.
You hear the rapid hiss of a distant avalanche of sand.
You pick up a book of Armaments and begin reading...
You add the spells Stone Arrow, Animate Armour and Lehudib's Crystal Spear to your library.
You hear the rapid hiss of a very distant avalanche of sand.
There is a stone staircase leading up here.
You hear the rapid hiss of a distant avalanche of sand.
p - 28 stones (gained 6)
The hiss of flowing sand is almost imperceptible now.
The walls and floor vibrate strangely for a moment.
Found a flail.
An orc comes into view. It is wielding a +0 mace.
The orc shouts!
You hit the orc. You headbutt the orc.
You kill the orc!
You see here a +0 mace.
Found a stone staircase leading up.
You now have 145 gold pieces (gained 7).
Found a giant spiked club.
You open the door.
There is an open door here.
There is a collapsed entrance here.
You can't go down here!
Char dumped successfully.
Are you sure you want to abandon this character and quit the game? (Confirm with "yes".)

. ##.#... ## ...#.#. .# ..
#..#... .#.# ... #..#..< .#.# #.#
#..#... ##.# ..# #.# #..#... #.#
. ##+##.###.###..#... ##.# ..
#...#.............. ...# ...
#.@.+...#.......... ##.# ....
#...#..##.......... ...#
.....##'##.# #..##..###. ##.#
...........###..##..###.
#.######...................... #
##.##......####.....###..##..##.#
...##......# #...).# #..##.....#
...##......########.# #..##...#.#
...##.........# #.###.......#.#


There were no monsters in sight!

Vanquished Creatures
  Eustachio (D:4)
  3 orc wizards
  4 adders
  2 worms (D:2)
  15 orcs
  4 endoplasms
  3 giant cockroaches
  3 goblins
  7 hobgoblins
  3 jackals (D:1)
  5 quokkas
  2 ball pythons
  4 bats
  7 frilled lizards
  3 kobolds (D:1)
  3 rats
69 creatures vanquished.

Notes
Turn   | Place    | Note
-------+----------+-------------------------------------------
     0 | D:1      | SilverX5502 the Minotaur Fighter began the quest for the
                  | Orb.
     0 | D:1      | Reached XP level 1. HP: 19/19 MP: 0/0
   107 | D:1      | Found a faded altar of an unknown god.
   273 | D:2      | Reached XP level 2. HP: 27/27 MP: 1/1
  1270 | D:2      | Reached XP level 3. HP: 33/33 MP: 2/2
  1320 | D:3      | Reached XP level 4. HP: 16/40 MP: 3/3
  1905 | D:3      | Noticed an ogre
  2589 | D:3      | Reached XP level 5. HP: 40/47 MP: 4/4
  2926 | D:4      | Noticed Eustachio
  2959 | D:4      | Killed Eustachio
  2960 | D:4      | Reached skill level 5 in Fighting
  2960 | D:4      | Reached skill level 5 in Axes
  2960 | D:4      | Reached skill level 5 in Shields
  2960 | D:4      | Reached XP level 6. HP: 7/56 MP: 5/5
  3395 | D:4      | Quit the game

Illustrated notes

Levels and vault maps discovered:
D:1:      sevenhm_arrival_forest_fort_large_2, layout_basic, serial_curves,
          eino_curves_03, eino_curves_04, hellmonk_ecumenical_altar_run_dry
D:2:      layout_basic, st_stairs_8
D:3:      layout_rooms, nicolae_dithmenos_through_a_glass_darkly
D:4:      layout_basic, enter_ossuary_2, uniq_eustachio

Skill      XL: |  1  2  3  4  5 |
---------------+----------------+-----
Fighting       | 4 5 |  5.1
Shields        | 4 5 |  5.0
Axes           | 3 4 5 |  5.2
Armour         | 4 |  4.9

Action                   |  1- 3 |  4- 6 || total
-------------------------+-------+-------++-------
Melee: War axe           |    62 |   103 ||   165
       Headbutt          |     8 |    14 ||    22
  Use: Scroll            |       |     1 ||     1
Armor: Scale mail        |    26 |       ||    26
       Chain mail        |    23 |    60 ||    83
Dodge: Dodged            |    36 |    47 ||    83
Block: Buckler           |    12 |    22 ||    34
